 Dungeon Crawl Stone Soup version 0.31-a0-819-gf6de2f5ab6 (webtiles) character file.

Game seed: 13865719836208322556

191 qw the Shooter (level 5, -1/32 HPs)
             Began as a Gargoyle Hunter on Sept 23, 2023.
             Slain by Pikel
             ... wielding a +0 whip of flaming
              (5 damage)
             ... on level 5 of the Dungeon.
             The game lasted 00:00:46 (1647 turns).

qw the Shooter (Gargoyle Hunter)                    Turns: 1647, Time: 00:00:47

Health: -1/32      AC:  8    Str: 15    XL:     5   Next: 70%
Magic:  5/5        EV: 11    Int:  9    God:
Gold:   113        SH:  0    Dex: 15    Spells: 4/4 levels left

rFire   . . .        Y - +0 shortbow
rCold   . . .        (shield currently unavailable)
rNeg    + . .        c - +0 leather armour
rPois   inf          (no helmet)
rElec   +            (no cloak)
rCorr   .            (no gloves)
SInv    .            e - +0 pair of boots
Will    .....        (no amulet)
Stlth   ++           (no ring)
HPRegen 0.25/turn    (no ring)
MPRegen 0.09/turn

%: no passive effects
@: no status effects
A: sickness immunity, AC +4, negative energy resistance 1, electricity
resistance, torment resistance 1, petrification resistance
a: no special abilities


You were on level 5 of the Dungeon.
You visited 1 branch of the dungeon, and saw 4 of its levels.

You collected 113 gold pieces.


Innate Abilities, Weirdness & Mutations

You are immune to sickness and miasma.
Your stone body is resilient. (AC +4)
You are immune to poison.
You resist negative energy. (rN+)
You are resistant to electric shocks. (rElec)
You are resistant to unholy torment.
You are immune to petrification.


   Skills:
 - Level 3.1 Fighting
 - Level 6.4 Ranged Weapons
 + Level 0.0 Armour
 - Level 1.5 Dodging
 - Level 1.1 Stealth


You had 4 spell levels left.
You didn't know any spells.
Your spell library was empty.

Inventory:

Hand Weapons
 Y - a +0 shortbow (weapon)
Armour
 c - a +0 leather armour (worn)
 e - a +0 pair of boots (worn)
Scrolls
 b - a scroll of brand weapon {unknown}
Potions
 a - a potion of ambrosia {unknown}
 g - a potion of cancellation {unknown}
 h - a potion of attraction {unknown}

Dungeon Overview and Level Annotations

Branches:
Dungeon (5/15)
 Temple: D:4-7

Altars:

Annotations:
D:5 Pikel


Message History

The lemure is heavily wounded.
The lemure hits you. The lemure misses you.
You shoot an arrow. The arrow hits the lemure.
The lemure is severely wounded.
You shoot an arrow. The arrow closely misses Pikel.
The arrow hits the lemure but does no damage.
The lemure is severely wounded.
You shoot an arrow. The arrow barely misses Pikel.
The arrow barely misses the lemure.
Pikel hits you with a +0 whip of flaming!
Pikel burns you.
You shoot an arrow. The arrow hits Pikel.
Pikel is lightly wounded.
An adder comes into view.
Pikel hits you with a +0 whip of flaming.
Pikel burns you.
You shoot an arrow. The adder hisses angrily.
The arrow hits Pikel but does no damage.
Pikel is lightly wounded.
Pikel hits you with a +0 whip of flaming.
Pikel burns you.
You shoot an arrow.
The arrow hits Pikel but does no damage.
Pikel is lightly wounded.
You hear a shout!
Pikel barely misses you.
You shoot an arrow. The arrow closely misses Pikel.
The arrow barely misses the lemure.
Pikel closely misses you.
You shoot an arrow. The arrow barely misses Pikel.
The arrow hits the lemure.
The lemure is severely wounded.
Pikel hits you with a +0 whip of flaming.
Pikel burns you.
A lemure comes into view.
You shoot an arrow. The arrow closely misses Pikel.
The arrow hits the lemure.
The lemure is almost dead.
Pikel hits you with a +0 whip of flaming.
You die...
Pikel says, "Another soul for the market."

#......# #.##.#.#
#.##>#.# #.#..#.#
#.#.##.# #.#.##.#
.#### #......#
.?..55######.####
#S5K@.....#
##5######## .. ##


You could see Pikel, 4 lemures and an adder.

Vanquished Creatures
  A scorpion (D:5)
  9 adders
  3 dart slugs
  7 orcs
  2 bats
  3 endoplasms
  3 giant cockroaches
  2 hobgoblins (D:2)
  2 kobolds
  2 quokkas (D:1)
  2 ball pythons
  A frilled lizard (D:1)
  3 goblins (D:2)
  4 rats
44 creatures vanquished.

Notes
Turn   | Place    | Note
-------+----------+-------------------------------------------
     0 | D:1      | qw the Gargoyle Hunter began the quest for the Orb.
     0 | D:1      | Reached XP level 1. HP: 12/12 MP: 1/1
     0 | D:1      | 0 ||| qw: Version: 0.3-a-83-gcd0e7d8
     0 | D:1      | 0 ||| qw: Game counter: 1456
     0 | D:1      | 0 ||| qw: Melee chars always use a shield: true
     0 | D:1      | 0 ||| qw: God list: Okawaru
     0 | D:1      | 0 ||| qw: Allow faded altars: false
     0 | D:1      | 0 ||| qw: Do Orc after clearing Dungeon:15 true
     0 | D:1      | 0 ||| qw: Do second Lair branch before Depths: true
     0 | D:1      | 0 ||| qw: Lair rune preference: random
     0 | D:1      | 0 ||| qw: Goals: Normal
     0 | D:1      | 0 ||| PLANNING D:1-11
   337 | D:1      | Reached XP level 2. HP: 17/17 MP: 2/2
   649 | D:1      | 649 ||| UPGRADING to +0 pair of boots.
   654 | D:1      | 654 ||| READING scroll labelled FYULLI HIDU.
   655 | D:1      | 655 ||| READING 2 scrolls labelled SILUFI RULO.
   656 | D:1      | 656 ||| DROPPING scroll of butterflies.
   657 | D:1      | 657 ||| DROPPING scroll of immolation.
   711 | D:2      | Reached XP level 3. HP: 20/21 MP: 3/3
   714 | D:2      | Reached skill level 5 in Ranged Weapons
   775 | D:2      | Reached skill level 3 in Fighting
   777 | D:2      | Reached XP level 4. HP: 28/28 MP: 4/4
  1252 | D:3      | 1252 ||| STAIRDANCE
  1265 | D:3      | 1265 ||| STAIRDANCE
  1284 | D:3      | 1284 ||| STAIRDANCE
  1335 | D:3      | 1335 ||| STAIRDANCE
  1383 | D:3      | 1383 ||| STAIRDANCE
  1452 | D:3      | Reached XP level 5. HP: 32/32 MP: 5/5
  1594 | D:3      | You fall into a shaft and drop 2 floors!
  1594 | D:5      | Entered Level 5 of the Dungeon
  1621 | D:5      | Reached skill level 6 in Ranged Weapons
  1632 | D:5      | Noticed Pikel
  1632 | D:5      | Noticed a lemure
  1632 | D:5      | Noticed a lemure
  1634 | D:5      | Noticed a lemure
  1646 | D:5      | HP: 5/32 [Pikel/+0 whip of flaming (5)]
  1646 | D:5      | Noticed a lemure
  1647 | D:5      | Slain by Pikel

Levels and vault maps discovered:
D:1:      lightli_arrival_maybe_door_vault, layout_loops_cross
D:2:      wander_river, layout_basic, nicolae_concentric_dashed_squares_wild,
          nicolae_figureground_sparkle
D:3:      layout_basic, minmay_misc_feat_x
D:5:      layout_loops_cross, mainiacjoe_overflow_tiny_flanked,
          uniq_crazy_yiuf_cottage, uniq_prince_ribbit1, uniq_pikel

Skill      XL: |  1  2  3  4  5 |
---------------+----------------+-----
Ranged Weapons | 5 6 |  6.4
Fighting       | 3 |  3.1
Dodging        | |  1.5
Stealth        | |  1.1

Action                     |  1- 3 |  4- 6 || total
---------------------------+-------+-------++-------
   Fire: Shortbow          |    71 |   118 ||   189
    Use: Scroll            |     2 |       ||     2
 Armour: Leather armour    |    14 |    52 ||    66
  Dodge: Dodged            |    29 |    35 ||    64

Table legend:
 A = Non-vault XP
 B = Vault XP
 C = Vault XP percentage of total XP
 D = Non-vault monster count
 E = Vault monster count
 F = Vault count percentage of total count
                 A         B        C        D         E       F
            +---------+---------+-------+---------+---------+-------
      Total |     274 |       0 |   0.0 |      44 |       0 |   0.0
            +---------+---------+-------+---------+---------+-------
        D:1 |      23 |       0 |   0.0 |      13 |       0 |   0.0
        D:2 |     136 |       0 |   0.0 |      22 |       0 |   0.0
        D:3 |      32 |       0 |   0.0 |       8 |       0 |   0.0
        D:5 |      83 |       0 |   0.0 |       1 |       0 |   0.0
            +---------+---------+-------+---------+---------+-------
